 Dungeon Crawl Stone Soup version 0.27.0-1-g7a089689b8 (webtiles) character file.

Game seed: 17043256820033056549

8395 sanka the Grappler (level 11, -1/97 HPs)
             Began as a Black Draconian Monk on Aug 8, 2021.
             Was an Elder of Sif Muna.
             Slain by a centaur warrior (3 damage)
             ... on level 9 of the Dungeon.
             The game lasted 00:24:11 (11672 turns).

sanka the Grappler (Black Draconian Monk)          Turns: 11672, Time: 00:24:11

Health: -1/97      AC:  2    Str: 20    XL:     11   Next: 9%
Magic:  3/12       EV: 25    Int: 14    God:    Sif Muna [****..]
Gold:   553        SH:  0    Dex: 18    Spells: 7/12 levels left

rFire    . . .     SeeInvis .     - Unarmed
rCold    . . .     Faith    .   (shield currently unavailable)
rNeg     . . .     Spirit   .   (armour unavailable)
rPois    x         Reflect  .   (helmet currently unavailable)
rElec    .         Harm     .   (cloak currently unavailable)
rCorr    .         Rampage  .   (gloves currently unavailable)
Will     +....                  (boots currently unavailable)
Stlth    ++........             j - amulet of regeneration
HPRegen  1.26/turn              h - +6 ring of strength
MPRegen  0.13/turn              u - ring of willpower

@: spider-form (expiring), marked, very slightly contaminated
A: venomous fangs, (breathe lightning), AC +7, tiny, unfitting armour,
(electricity resistance), (cold-blooded)
a: End Transformation, Renounce Religion, Channel Magic, Forget Spell, Divine
Exegesis


You were on level 9 of the Dungeon.
You worshipped Sif Muna.
Sif Muna was greatly pleased with you.
You were a venomous arachnid creature.
You visited 2 branches of the dungeon, and saw 10 of its levels.

You collected 553 gold pieces.


Innate Abilities, Weirdness & Mutations

You are a venomous arachnid creature.
You have poisonous fangs.
You are tiny and dextrous.
Your spellcasting is less reliable in this form.
Your armour is entirely melded.
You are incapable of wielding weapons or throwing items.
((You can breathe wild blasts of lightning.))
((Your glossy black scales are hard. (AC +7)))
You cannot fit into any form of body armour.
((You are resistant to electric shocks. (rElec)))
((You are cold-blooded and may be slowed by cold attacks.))


   Skills:
 + Level 9.4 Fighting
 + Level 7.7 Dodging
 - Level 1.7 Stealth
 + Level 12.3 Unarmed Combat
 + Level 1.0 Spellcasting
 + Level 4.3 Transmutations


You had 7 spell levels left.
You knew the following spells:

 Your Spells              Type           Power      Damage    Failure   Level
y - Wereblood             Tmut           12%        N/A       19%         2
z - Spider Form           Tmut/Pois      3%         N/A       54%         3

Your spell library contained the following spells:

 Spells                   Type           Power      Damage    Failure   Level
 Beastly Appendage        Tmut           24%        N/A       13%         1
 Corona                   Hex            0%         N/A       47%         1
 Summon Small Mammal      Summ           0%         N/A       47%         1
 Corpse Rot               Necr/Air       N/A        N/A       58%         2
 Ensorcelled Hibernation  Hex/Ice        0%         N/A       58%         2
 Ignite Poison            Fire/Tmut/Pois 4%         N/A       63%         3
 Call Canine Familiar     Summ           0%         N/A       80%         3
 Mephitic Cloud           Conj/Pois/Air  0%         N/A       80%         3
 Stone Arrow              Conj/Erth      0%         3d7       80%         3
 Summon Guardian Golem    Hex/Summ       0%         N/A       80%         3
 Tukima's Dance           Hex            0%         N/A       80%         3
 Dispel Undead            Necr           0%         3d6       99%         4
 Leda's Liquefaction      Hex/Erth       0%         N/A       99%         4
 Bolt of Magma            Conj/Fire/Erth 0%         4d4       100%        5
 Death Channel            Necr           0%         N/A       100%        6
 Statue Form              Tmut/Erth      4%         N/A       100%        6
 Shatter                  Erth           0%         3d5*      100%        9

Inventory:

Missiles
 i - 63 poisoned darts (quivered)
 m - 2 boomerangs
 E - 2 curare-tipped darts {=f}
 J - 4 throwing nets {=f}
Armour
 c - a +0 pair of boots (melded)
 k - a +0 pair of gloves (melded)
 v - a +2 cloak (melded)
Magical Staves
 r - a staff of air
Jewellery
 d - an amulet of guardian spirit
 h - a +6 ring of strength (left front leg)
 j - an amulet of regeneration (around neck)
 u - a ring of willpower (right front leg)
 w - an amulet of magic regeneration
 B - a ring of flight
 F - a ring of protection from fire
Wands
 g - a wand of flame (17)
 n - a wand of paralysis (6)
 y - a wand of mindburst (45)
 I - a wand of acid (10)
Scrolls
 e - 2 scrolls of blinking
 l - 4 scrolls of enchant armour
 p - 2 scrolls of amnesia
 D - 2 scrolls of magic mapping
 H - a scroll of acquirement
Potions
 a - 2 potions of magic {unknown}
 b - 2 potions of flight
 o - 2 potions of heal wounds {unknown}
 s - 2 potions of attraction {unknown}
 C - a potion of lignification {unknown}
 G - a potion of might {unknown}
Miscellaneous
 q - a lightning rod (4/4)

Dungeon Overview and Level Annotations

Branches:
Dungeon (9/15)             Temple (1/1) D:5            Lair (0/6) D:8
    Orc: D:9-12

Altars:
Ashenzari
Cheibriados
Dithmenos
Elyvilon
Fedhas
Gozag
Kikubaaqudgha
Makhleb
Nemelex Xobeh
Okawaru
Qazlal
Sif Muna
Trog
Uskayaw
Vehumet
Wu Jian
Xom
Yredelemnul
Zin
The Shining One

▒...▒ .▒..▒ ▒...▒
u..▒ ▒...▒ ▒c.▒
▒...▒▒ ▒.Z▒
▒▒▒▒▒...'▒ ▒.K▒
...▒▒...▒▒▒ ▒.K▒
..........▒▒▒▒ ▒#u▒
..........▒..▒▒▒▒c▒
..........▒...zgsg▒
..........▒...#zgz▒
..........▒....#g#▒
▒..▒▒▒...▒▒.......▒
▒..▒▒▒...▒........▒
▒........▒.)......▒
▒........▒)▒▒▒▒...▒
▒........▒)▒▒▒▒...▒
▒...▒▒...▒........▒


You could see a purple ugly thing, a centaur warrior (extremely poisoned, ally
target), a friendly gnoll shaman (summoned), 3 friendly wights and 3 friendly
gnolls.


Message History

Unknown command.
You hit the tengu warrior.
The tengu warrior looks as sick as possible!
The tengu warrior is severely wounded.
Unknown command.
Unknown command.
You maul the tengu warrior!!
You kill the tengu warrior!
Sif Muna accepts your kill.
A golden eye comes into view.
Your life force feels restored.
A kobold and a simulacrum come into view.
Unknown command.
Unknown command.
You bite the golden eye!
The golden eye is poisoned.
The golden eye is severely wounded.
You kill the golden eye!
Sif Muna accepts your kill.
Your gnoll shaman hits the centaur warrior with a +0 club!
A kobold comes into view. It is wielding a +0 dagger.
Your Spellcasting skill increases to level 1!
Unknown command.
You bite the centaur warrior!
The centaur warrior looks as sick as possible!
The centaur warrior is heavily wounded.
The centaur warrior hits you!
* * * LOW HITPOINT WARNING * * *
The centaur warrior kicks you.
You die...

Action                   |  1- 3 |  4- 6 |  7- 9 | 10-12 || total
-------------------------+-------+-------+-------+-------++-------
Melee: Unarmed           |   168 |   155 |   387 |   278 ||   988
       Tailslap          |    18 |    22 |    53 |    36 ||   129
       Punch             |     3 |     2 |    29 |    17 ||    51
Throw: Dart              |       |    21 |    13 |       ||    34
 Cast: Spider Form       |       |       |       |     1 ||     1
 Abil: Breathe Lightning |       |       |     4 |       ||     4
  Use: Potion            |       |     4 |       |     3 ||     7
       Scroll            |       |       |     5 |     7 ||    12
 Stab: Sleeping          |     5 |     2 |     1 |     3 ||    11
       Distracted        |       |       |     2 |     1 ||     3
Armor: Skin              |    50 |    35 |   142 |    92 ||   319
Dodge: Dodged            |   115 |    78 |   207 |   193 ||   593

Levels and vault maps discovered:
D:1:      dpeg_arrival_fog, layout_basic, hellmonk_ecumenical_altar_dog_temple,
          minivault_26
D:2:      layout_loops_cross, st_stairs_1
D:3:      layout_loops_cross, minmay_between, uniq_grinder,
          uniq_crazy_yiuf_cottage, uniq_natasha
D:4:      cheibrodos_helix_gallery, layout_basic
D:5:      layout_basic, jmf_multi_god_temple,
          minmay_temple_entry_statues_fountains, uniq_duvessa
D:6:      kennysheep_windowed_halls, layout_basic,
          mainiacjoe_overflow_small_starburst, uniq_pikel, uniq_blork_the_orc
D:7:      layout_layer_cave
D:8:      layout_basic, marbit_many_paths, lemuel_crystal_altar,
          david_lair_generic
D:9:      minmay_blocky_corners, layout_stronghold, nicolae_ru_path_of_blood,
          nrook_pool_corridor, grunt_potential
Temple:   regret_index_temple_waves

Notes
Turn   | Place    | Note
-------+----------+-------------------------------------------
     0 | D:1      | sanka the Draconian Monk began the quest for the Orb.
     0 | D:1      | Reached XP level 1. HP: 19/19 MP: 1/1
   384 | D:1      | Reached XP level 2. HP: 19/26 MP: 2/2
   514 | D:1      | Found a faded altar of an unknown god.
   733 | D:1      | Reached skill level 4 in Unarmed Combat
  1217 | D:2      | Reached XP level 3. HP: 30/31 MP: 3/3
  2150 | D:3      | Reached XP level 4. HP: 40/40 MP: 4/4
  2222 | D:3      | Noticed Grinder
  2589 | D:3      | Reached skill level 4 in Fighting
  2620 | D:3      | Reached skill level 5 in Unarmed Combat
  2799 | D:3      | Reached XP level 5. HP: 34/46 MP: 3/5
  2907 | D:3      | Noticed Natasha
  3015 | D:4      | HP: 4/46 [poisoned by a scorpion]
  3017 | D:4      | Identified a potion of resistance
  3017 | D:4      | HP: 1/46 [poisoned by a scorpion]
  3025 | D:4      | Reached skill level 6 in Unarmed Combat
  3248 | D:3      | Paralysed by Grinder for 4 turns
  3814 | D:4      | Reached XP level 6. HP: 46/52 MP: 6/6
  4010 | D:3      | Found a runed translucent door.
  4019 | D:3      | Noticed Crazy Yiuf
  4191 | D:3      | Killed Grinder
  4192 | D:3      | Reached skill level 7 in Unarmed Combat
  4192 | D:3      | Your scales start taking on a glossy black colour.
  4192 | D:3      | Reached XP level 7. HP: 26/59 MP: 7/7
  4192 | D:3      | Gained mutation: You are resistant to electric shocks.
                  | (rElec) [Black Draconian growth]
  4305 | D:3      | Killed Natasha
  4334 | D:3      | Reached skill level 8 in Unarmed Combat
  5152 | D:3      | Noticed Natasha
  5156 | D:3      | Killed Natasha
  5270 | D:3      | Noticed Natasha
  5275 | D:3      | Killed Natasha
  5276 | D:3      | Reached skill level 9 in Unarmed Combat
  5647 | D:3      | Found a runed translucent door.
  5695 | D:5      | Entered Level 5 of the Dungeon
  6007 | D:5      | Found a broken altar of Ashenzari.
  6007 | D:5      | Found an ancient bone altar of Kikubaaqudgha.
  6135 | D:5      | Reached XP level 8. HP: 65/66 MP: 8/8
  6252 | D:5      | Reached skill level 10 in Unarmed Combat
  6305 | D:5      | Noticed Dowan
  6428 | D:5      | Reached skill level 3 in Dodging
  6671 | D:5      | Found a staircase to the Ecumenical Temple.
  6699 | Temple   | Entered the Ecumenical Temple
  6910 | Temple   | Became a worshipper of Sif Muna the Loreminder
  6910 | Temple   | Reached * piety under Sif Muna
  6910 | Temple   | Reached ** piety under Sif Muna
  7019 | D:5      | Noticed Duvessa
  7026 | D:5      | Killed Dowan
  7054 | D:5      | Killed Duvessa
  7055 | D:5      | Reached skill level 5 in Fighting
  7182 | D:4      | Reached skill level 4 in Dodging
  7255 | D:3      | Killed Crazy Yiuf
  7482 | D:6      | Noticed Pikel
  7504 | D:6      | Reached XP level 9. HP: 75/75 MP: 9/9
  7576 | D:5      | Killed Pikel
  7577 | D:5      | Reached skill level 6 in Fighting
  7639 | D:6      | Reached skill level 5 in Dodging
  7756 | D:6      | Found an iron altar of Okawaru.
  7867 | D:6      | Reached skill level 11 in Unarmed Combat
  7971 | D:6      | Reached skill level 7 in Fighting
  8100 | D:6      | Reached *** piety under Sif Muna
  8101 | D:6      | Reached skill level 6 in Dodging
  8234 | D:6      | Noticed Blork the orc
  8245 | D:6      | Killed Blork the orc
  8246 | D:6      | Reached XP level 10. HP: 48/88 MP: 10/10
  8853 | D:7      | Noticed a six-headed hydra
  9454 | D:7      | Reached skill level 8 in Fighting
 10091 | D:8      | Learned a level 3 spell: Spider Form
 10094 | D:8      | Learned a level 2 spell: Wereblood
 10324 | D:8      | Found a shimmering altar of Xom.
 10379 | D:8      | Reached skill level 1 in Transmutations
 10503 | D:8      | Found a staircase to the Lair.
 10538 | D:8      | Reached skill level 2 in Transmutations
 10662 | D:8      | Found a basalt altar of Yredelemnul.
 10756 | D:8      | Reached skill level 7 in Dodging
 10792 | D:8      | Identified a scroll of acquirement
 11234 | D:9      | Reached skill level 12 in Unarmed Combat
 11280 | D:9      | Reached skill level 3 in Transmutations
 11360 | D:9      | Reached skill level 9 in Fighting
 11401 | D:9      | Noticed a deep elf pyromancer
 11433 | D:9      | Killed a deep elf pyromancer
 11434 | D:9      | Reached **** piety under Sif Muna
 11451 | D:9      | Reached skill level 4 in Transmutations
 11632 | D:9      | Reached XP level 11. HP: 89/94 MP: 11/11
 11649 | D:9      | Noticed a centaur warrior
 11650 | D:9      | Noticed a tengu warrior
 11651 | D:9      | Noticed a fire dragon
 11652 | D:9      | Noticed a purple ugly thing
 11670 | D:9      | Killed a tengu warrior
 11672 | D:9      | Reached skill level 1 in Spellcasting
 11672 | D:9      | HP: 2/97 [centaur warrior (15)]
 11672 | D:9      | Slain by a centaur warrior

Vanquished Creatures
  A tengu warrior (D:9)
  Pikel (D:5)
  A deep elf pyromancer (D:9)
  Grinder (D:3)
  A hornet (D:8)
  A shadow (D:9)
  2 wraiths (D:9)
  2 wyverns (D:8)
  6 yaks
  A basilisk (D:8)
  A golden eye (shapeshifter) (D:9)
  2 steam dragons (D:8)
  Duvessa (D:5)
  2 water moccasins
  4 black bears
  2 necrophages
  3 sky beasts
  2 ogres
  2 lemures (D:6)
  2 phantoms
  2 centaurs
  2 kobold brigands
  Blork the orc (D:6)
  3 bullfrogs
  2 gnoll sergeants
  4 scorpions
  A water moccasin zombie (D:6)
  A wyvern skeleton (D:6)
  Dowan (D:5)
  A water moccasin skeleton (D:6)
  6 killer bees
  9 wights
  4 orc priests
  A bullfrog zombie (D:5)
  4 hounds
  3 centaur zombies
  Crazy Yiuf (D:3)
  2 bullfrog skeletons
  A centaur skeleton (D:6)
  A gnoll shaman (D:9)
  2 jellies
  Natasha (thrice) (D:3)
  3 iguanas
  4 orc wizards
  A killer bee zombie (D:7)
  4 howler monkey zombies
  17 gnolls
  3 howler monkey skeletons
  11 adders
  A white imp (D:6)
  2 ufetubi
  3 worms
  2 dart slugs
  28 orcs
  9 endoplasms
  5 goblins
  6 hobgoblins
  11 jackals
  3 quokkas
  4 ball pythons
  3 bats
  2 frilled lizards (D:2)
  17 kobolds
  2 rats
234 creatures vanquished.
